 Dungeon Crawl Stone Soup version 0.20-a0-1116-gaa52201 (webtiles) character file.

67 grindst0ne the Skirmisher (level 3, 31/31 HPs)
             Began as a Demonspawn Berserker on May 7, 2017.
             Was a Believer of Trog.
             Got out of the dungeon alive.
             The game lasted 00:03:13 (2404 turns).

grindst0ne the Skirmisher (Demonspawn Berserker)    Turns: 2404, Time: 00:03:13

Health: 31/31      AC:  2    Str: 18    XL:     3   Next: 98%
Magic:  3/3        EV: 12    Int:  8    God:    Trog [**....]
Gold:   41         SH:  0    Dex: 12    Spells: 2/2 levels left

rFire    . . .     SeeInvis .   a - +0 hand axe
rCold    . . .     Gourm    .   (no shield)
rNeg     . . .     Faith    .   b - +0 animal skin
rPois    .         Spirit   .   (no helmet)
rElec    .         Reflect  .   (no cloak)
rCorr    .         Harm     .   (no gloves)
MR       .....                  (no boots)
Stlth    ++........             (no amulet)
Regen    0.1/turn               (no ring)
MPRegen  0.1/turn               (no ring)

@: no status effects
A: hooves 1, nightstalker 1
a: Berserk, Trog's Hand, Burn Spellbooks, Renounce Religion


You escaped.
You worshipped Trog.
Trog was pleased with you.
You were hungry.

You visited 1 branch of the dungeon, and saw 2 of its levels.

You collected 41 gold pieces.

Inventory:

Hand Weapons
 a - a +0 hand axe (weapon)
Armour
 b - a +0 animal skin (worn)
Jewellery
 d - a +5 ring of dexterity {unknown}
Scrolls
 f - 2 scrolls of enchant weapon {unknown}
 i - a scroll of random uselessness {unknown}
 j - a scroll of magic mapping {unknown}
 k - 2 scrolls of remove curse {unknown}
 l - a scroll of teleportation {unknown}
 n - 2 scrolls of identify {unknown}
Potions
 e - a potion of flight {unknown}
Comestibles
 c - 4 bread rations
 g - 3 fruits
 h - 2 meat rations


   Skills:
 + Level 4.7 Fighting
 - Level 2.6 Axes
 - Level 1.7 Armour
 - Level 1.7 Dodging
 + Level 0.8 Stealth


You had 2 spell levels left.
You didn't know any spells.

Dungeon Overview and Level Annotations

Branches:
Dungeon (2/15)

Altars:


Innate Abilities, Weirdness & Mutations

You have large cloven feet.
You are slightly more attuned to the shadows.


Message History

You climb upwards.
There is a stone staircase leading down here.
You can't go up here!
(D) Dungeon
Where to? (Enter - D:1, ? - help)
Okay, then.
You can't go up here!
There is an open door here.
There is an open door here.
There is an open door here.
There is a stone staircase leading down here.
There is an open door here.
You are feeling hungry.
There is an open door here.
There is a staircase leading out of the dungeon here.
(D) Dungeon
Where to? (Enter - D:1, ? - help)
Okay, then.
Are you sure you want to leave the Dungeon?
This will make you lose the game!
You have escaped!

.................................
###.#...######.###.######........
........# #.....# #.#......
....#.#.## ###.#.#.### #.#......
#####.#..# #.........# #.####...
......#..###.#.#.#.#.####.#......
#######........#.#......#.#.##..#
......#..#.#.###.###.#.##.#.#....
......#..#......@......##.#.###..
#######..#.#.###.###.#.##.#......
...............#.#........#.#.#..
########.###.#.#.#.#.###..#.#.#..
#..........#.........# ##.#.#....
#..........###.#.#.### #.#.###.#
#............#.....# #.#.# #.#
#.........##.#.###.# #.#.# #.#
..........##.......## #.#.# #.#


There were no monsters in sight!

Vanquished Creatures
  3 adders (D:2)
  An ooze (D:1)
  A dart slug (D:2)
  A leopard gecko (D:2)
  3 bats (D:2)
  6 goblins
  7 hobgoblins
  2 jackals (D:1)
  A ball python (D:1)
  3 frilled lizards
  2 kobolds (D:2)
  4 rats
34 creatures vanquished.

Notes
Turn   | Place    | Note
-------+----------+-------------------------------------------
     0 | D:1      | grindst0ne the Demonspawn Berserker began the quest for the Orb.
     0 | D:1      | Reached XP level 1. HP: 18/18 MP: 1/1
   625 | D:1      | Gained mutation: You have large cloven feet. [demonic ancestry]
   625 | D:1      | Reached XP level 2. HP: 22/24 MP: 2/2
  1001 | D:2      | Reached skill level 4 in Fighting
  1105 | D:2      | Gained mutation: You are slightly more attuned to the shadows. [demonic ancestry]
  1105 | D:2      | Reached XP level 3. HP: 12/30 MP: 3/3
  1788 | D:2      | Reached ** piety under Trog
  2404 | D:$      | Got out of the dungeon alive.

Vault maps used:
D:1:      roderic_chinese_lattice_arrival
D:2:      first_bread

Skill      XL: |  1  2 |
---------------+-------+-----
Fighting       | 4 |  4.7
Axes           | |  2.6
Armour         | |  1.7
Dodging        | |  1.7
Stealth        | |  0.8

Action                   || total
-------------------------++-------
Melee: Hand axe          ||   111
       Kick              ||    17
Invok: Berserk           ||     1
 Stab: Sleeping          ||     3
  Eat: Chunk             ||     5
Armor: Animal skin       ||    13
Dodge: Dodged            ||    76
